 Dungeon Crawl Stone Soup version 0.32-a0-18-g89e19f1974 (webtiles) character file.

Game seed: 9835568839726643951

88373 zenocrate the Unseen (level 15, -4/68 HPs)
             Began as a Vine Stalker Enchanter on Jan 16, 2024.
             Was an Initiate of Gozag.
             Slain by a spark wasp (5 damage)
             ... on level 1 of the Spider Nest.
             The game lasted 00:46:24 (23208 turns).

zenocrate the Unseen (Vine Stalker Enchanter)      Turns: 23208, Time: 00:46:25

Health: -4/68      AC: 17    Str: 19    XL:     15   Next: 93%
Magic:  0/19       EV: 21    Int: 23    God:    Gozag
Gold:   1078       SH:  0    Dex: 26    Spells: 7/18 levels left

rFire   . . .        b - +0 dagger (pain)
rCold   . . .        (no shield)
rNeg    + . .        W - +2 steam dragon scales
rPois   +            n - +3 crown of Dyrovepreva {rElec Int+2 SInv}
rElec   +            I - +0 cloak of Noughts and Crosses {rN+ Str+4 Dex+4}
rCorr   .            E - +2 pair of gloves {Str+3}
SInv    +            H - +2 pair of boots "Ovvaiwo Jouss" {Dex+5}
Will    ++...        k - amulet of regeneration
Stlth   +++++++      X - ring of poison resistance
HPRegen 1.91/turn    P - ring of Qody {Will+ Int+6 Dex-4 SInv}
MPRegen 0.16/turn

%: clarity, guardian spirit
@: gold aura, very slightly contaminated
A: fangs 3, regeneration 1, magic shield, antimagic bite, no potion heal 2,
talons 1, clarity
a: Renounce Religion, Potion Petition, Call Merchant, Bribe Branch


You were on level 1 of the Spider Nest.
You worshipped Gozag.
Gozag was most pleased with you.
You visited 5 branches of the dungeon, and saw 23 of its levels.
You also visited: Ossuary and Volcano.

You collected 7709 gold pieces.
You spent 2294 gold pieces at shops.
You paid 4337 gold pieces to Gozag.

Inventory:

Hand Weapons
 a - a +1 dagger of electrocution
 b - a +0 dagger of pain (weapon)
 j - a +0 rapier
Missiles
 s - 6 curare-tipped darts
 x - 13 boomerangs
 A - a throwing net
 D - 38 poisoned darts (quivered)
Armour
 n - the +3 crown of Dyrovepreva (worn) {rElec Int+2 SInv}
   (You found it on level 1 of the Spider Nest)

   Int+2:     It affects your intelligence (+2).
   rElec:     It insulates you from electricity.
   SInv:      It lets you see invisible.
 E - a +2 pair of gloves of strength (worn)
 H - the +2 pair of boots "Ovvaiwo Jouss" (worn) {Dex+5}
   (You bought it in a shop on level 1 of the Lair of Beasts)

   Dex+5:     It affects your dexterity (+5).
 I - the +0 cloak of Noughts and Crosses (worn) {rN+ Str+4 Dex+4}
   (You bought it in a shop on level 2 of the Orcish Mines)

   Str+4:     It affects your strength (+4).
   Dex+4:     It affects your dexterity (+4).
   rN+:       It protects you from negative energy.
 W - +2 steam dragon scales (worn)
 Y - a +0 buckler
Jewellery
 k - an amulet of regeneration (around neck)
 q - a ring of fire
 r - a ring of protection from cold
 P - the ring of Qody (right hand) {Will+ Int+6 Dex-4 SInv}
   (You took it off an orc on level 6 of the Dungeon)

   [ring of intelligence]

   Int+6:     It affects your intelligence (+6).
   Dex-4:     It affects your dexterity (-4).
   Will+:     It increases your willpower.
   SInv:      It lets you see invisible.
 T - a ring of resist corrosion
 X - a ring of poison resistance (left hand)
Wands
 t - a wand of flame (54)
 v - a wand of mindburst (43)
 z - a wand of digging (5)
 N - a wand of light (4)
Scrolls
 g - 3 scrolls of poison
 l - a scroll of brand weapon {unknown}
 o - a scroll of blinking {unknown}
 p - 2 scrolls of silence
 y - a scroll of revelation
 G - 2 scrolls of immolation {unknown}
 J - a scroll of summoning
 L - 2 scrolls of vulnerability
 S - a scroll of fear
 U - 3 scrolls of enchant weapon {unknown}
 V - 2 scrolls of teleportation
 Z - 2 scrolls of fog {unknown}
Potions
 c - 2 potions of invisibility
 e - 2 potions of resistance
 f - 4 potions of attraction
 m - 12 potions of curing
 u - 3 potions of berserk rage
 w - 6 potions of haste
 B - 2 potions of cancellation
 F - 4 potions of ambrosia
 K - 3 potions of brilliance
 M - 3 potions of might
 O - 3 potions of enlightenment {unknown}
 R - 2 potions of magic {unknown}
Miscellaneous
 h - a phial of floods
 i - a condenser vane (inert)


   Skills:
 - Level 3.2 Fighting
 * Level 11.7 Short Blades
 - Level 2.6 Throwing
 - Level 2.2 Armour
 + Level 10.1 Dodging
 + Level 16.3 Stealth
 - Level 2.1 Spellcasting
 + Level 12.0 Hexes
 + Level 10.8 Necromancy
 - Level 4.3 Ice Magic
 - Level 6.7 Evocations


You had 7 spell levels left.
You knew the following spells:

 Your Spells              Type           Power      Damage    Failure   Level
a - Ensorcelled Hibernat  Hex/Ice        80%        N/A       1%          2
b - Confusing Touch       Hex            55%        N/A       1%          3
c - Tukima's Dance        Hex            55%        N/A       1%          3
d - Dazzling Flash        Conj/Hex       60%        N/A       3%          3

Your spell library contained the following spells:

 Spells                   Type           Power      Damage    Failure   Level
 Kiss of Death            Conj/Necr      100%       2d13      1%          1
 Dispel Undead            Necr           51%        3d19      1%          4
 Scorch                   Fire           4%         2d5       19%         2
 Static Discharge         Conj/Air       4%         3-4/arc   19%         2
 Volatile Blastmotes      Fire/Tloc      4%         2d10      36%         3
 Airstrike                Air            1%         2d(1-17)  77%         4
 Flame Wave               Conj/Fire      2%         2d4       77%         4
 Ignite Poison            Fire/Alch      2%         N/A       77%         4
 Manifold Assault         Tloc           2%         N/A       77%         4
 Sticky Flame             Fire/Alch      2%         2d4       77%         4
 Summon Lightning Spire   Summ/Air       2%         N/A       77%         4
 Dispersal                Tloc           1%         N/A       100%        6
 Starburst                Conj/Fire      1%         6d3       100%        6
 Summon Cactus Giant      Summ           1%         N/A       100%        6
 Disjunction              Tloc           1%         N/A       100%        8
 Ignition                 Fire           1%         3d3       100%        8
 Maxwell's Capacitive Co  Air            1%         ∞         100%        8


Dungeon Overview and Level Annotations

Branches:
Dungeon (14/15)            Temple (1/1) D:5            Lair (5/5) D:11
  Swamp (0/4) Lair:3       Spider (1/4) Lair:2        Slime (0/5) Lair:5
    Orc (2/2) D:12            Elf (0/3) Orc:2       Ossuary (visited)
Volcano (visited)
 Vaults: D:13-14

Altars:
Ashenzari
Cheibriados
Dithmenos
Elyvilon
Fedhas
Gozag
Hepliaklqana
Kikubaaqudgha
Makhleb
Nemelex Xobeh
Okawaru
Qazlal
Sif Muna
Trog
Uskayaw
Wu Jian
Xom
Yredelemnul
Zin
The Shining One
Jiyva

Shops:
D:8 ?   D:9 :   D:12 [   Orc:2 **!(   Lair:1 ([*[

Annotations:
D:4 1 runed translucent door, jestert79's ghost, amateur GnWn
Spider:1 1 runed translucent door, Isko's ghost, journeyman TrSh


Innate Abilities, Weirdness & Mutations

You have razor-sharp teeth.
Your natural rate of healing is unusually fast.
When hurt, damage is shared between your health and your magic reserves.
Your bite disrupts and absorbs the magic of your enemies.
Potions cannot restore your health.
You have sharp toenails.
You possess an exceptional clarity of mind.


Message History

The spark wasp barely misses you.
Casting: Ensorcelled Hibernation (safe; 1% risk of failure)
Confirm with . or Enter, or press ? or * to list all spells.
You miscast Confusing Touch.
You are very lightly contaminated with residual magic.
Nothing appears to happen.
The orb spider begins to weave its threads into a brightly glowing ball.
The spark wasp misses you.
You miss the spark wasp. The spark wasp stings you. The spark wasp shocks you.
You resist.
You hit the spark wasp but do no damage.
The spark wasp writhes in agony.
You bite the spark wasp, but do no damage.
The spark wasp is lightly wounded.
The spark wasp stings you but does no damage.
You barely miss the spark wasp. Your bite misses the spark wasp.
The spark wasp is lightly wounded.
You closely miss the spark wasp. You bite the spark wasp!
The spark wasp's magic leaks into the air.
You drain its magic.
You feel invigorated.
The spark wasp is lightly wounded.
The spark wasp stings you!! The spark wasp shocks you. You resist.
The orb spider weaves a glowing orb of energy.
An orb of destruction comes into view.
The spark wasp stings you!!
* * * LOW HITPOINT WARNING * * *
The spark wasp shocks you. You resist.
* * * LOW HITPOINT WARNING * * *
You see here 6 gold pieces.
Unknown command.
Unknown command.
The orb spider spins a strand of pure energy.
The orb of destruction hits the spark wasp!!!
Unknown command.
The spark wasp attacks as it pursues you!
The spark wasp stings you!!
* * * LOW HITPOINT WARNING * * *
The spark wasp shocks you. You resist.
You die...
Your body crumbles into a pile of gold.

#########.......
##......##......
.......$....###
...........s..###
...........°○...###
.....(.......○○...###
...^.......##^.$....##
.........$$#####y^...###
...........# ###@#......
...........# #....#.....
...........###......>.##
...........##........##
..........##.......##
.........#.......##
........#........#
....#...#.....^..#
..#.............##


You could see a spark wasp (magic disrupted).

Vanquished Creatures
  Frances (D:12)
  A frost giant (D:11)
  Azrael (Orc:2)
  Snorg (D:12)
  7 hydras
  2 radroaches
  5 boulder beetles
  A centaur warrior (D:13)
  2 catoblepae
  4 two-headed ogres
  A tengu warrior (D:14)
  Erica (D:10)
  A demonic crawler (Spider:1)
  4 orc high priests (Orc:2)
  A skyshark (Lair:3)
  2 fire crabs (Volcano)
  A swamp dragon (shapeshifter) (D:12)
  An orb spider (Spider:1)
  An arcanist (D:10)
  An orc knight (Orc:1)
  A lindwurm (Lair:5)
  A deep elf pyromancer (D:14)
  3 orc sorcerers (Orc:2)
  3 wolf spiders (Spider:1)
  5 salamanders (Volcano)
  8 ugly things
  5 cyclopes
  2 manticores (D:14)
  A moth of wrath (Lair:2)
  A kobold blastminer (Orc:1)
  6 meliai
  13 elephants
  5 black mambas
  A torpor snail (Lair:2)
  2 gargoyles
  Maggie (D:8)
  2 unseen horrors (D:12)
  3 kobold demonologists (D:12)
  11 cane toads
  12 komodo dragons
  An efreet (D:13)
  3 rime drakes
  3 hornets (Lair:5)
  7 trolls
  3 polar bears
  A tyrant leech (Lair:3)
  3 tarantellas (Spider:1)
  7 blink frogs
  A dream sheep (Lair:5)
  The ghost of DeathSocks the Sneak, an amateur VSDe (D:5)
  A slime creature (D:12)
  12 spriggans (Lair:5)
  8 jumping spiders
  27 yaks
  A shadow (D:12)
  2 vampires
  6 culicivoras
  2 fire bats (Volcano)
  2 wraiths
  2 wyverns
  4 fire elementals (Orc:2)
  4 basilisks
  4 steam dragons
  9 redbacks
  2 wargs
  8 vampire mosquitoes
  2 swamp worms (Lair:3)
  34 water moccasins
  An acid dragon (D:11)
  2 hell hounds (Orc:2)
  7 ice beasts
  A sky beast (D:8)
  17 orc warriors
  6 black bears
  8 boggarts
  7 ogres
  43 wolves
  10 centaurs
  5 kobold brigands
  12 bullfrogs
  A scorpion (D:7)
  A gnoll sergeant (D:9)
  3 wights (D:6)
  10 killer bees (D:11)
  An electric eel (Lair:1)
  5 howler monkeys
  2 bombardier beetles
  2 crimson imps
  3 hounds
  36 orc priests
  A jelly (D:6)
  5 gnoll boudas (D:8)
  Terence (D:2)
  5 iguanas
  27 orc wizards
  Ijyb (D:4)
  A sleepcap (D:4)
  Natasha (thrice) (D:2)
  3 scorpion zombies (D:6)
  2 hell rats (Lair:2)
  8 mummies (Ossuary)
  17 gnolls
  5 howler monkey skeletons (D:6)
  22 adders
  11 river rats (Lair:2)
  3 shadow imps
  2 ufetubi (D:5)
  6 dart slugs
  2 ribbon worms
  55 orcs
  8 endoplasms
  4 giant cockroaches
  A gnoll zombie (Ossuary)
  6 goblins
  6 hobgoblins
  8 jackals
  22 kobolds
  4 quokkas
  4 ball pythons
  7 bats
  A frilled lizard (D:3)
  4 goblin zombies (D:3)
  6 hobgoblin zombies
  2 kobold skeletons (D:3)
  4 kobold zombies
  8 rats
743 creatures vanquished.

Vanquished Creatures (collateral kills)
  An orc warrior (Orc:2)
1 creature vanquished.

Vanquished Creatures (others)
  A vault guard (D:14)
  An orc (Orc:1)
2 creatures vanquished.

Grand Total: 746 creatures vanquished

Notes
Turn   | Place    | Note
-------+----------+-------------------------------------------
     0 | D:1      | zenocrate the Vine Stalker Enchanter began the quest for
                  | the Orb.
     0 | D:1      | Reached XP level 1. HP: 9/9 MP: 4/4
   117 | D:1      | Reached skill level 1 in Short Blades
   147 | D:1      | Reached XP level 2. HP: 13/13 MP: 4/6
   453 | D:1      | Reached skill level 4 in Stealth
   485 | D:1      | Reached XP level 3. HP: 16/16 MP: 7/7
   559 | D:1      | Learned a level 2 spell: Ensorcelled Hibernation
   563 | D:1      | Learned a level 3 spell: Confusing Touch
   899 | D:2      | Noticed Terence
   905 | D:2      | Killed Terence
   906 | D:2      | Reached skill level 1 in Ice Magic
   906 | D:2      | Reached XP level 4. HP: 20/21 MP: 5/8
   956 | D:2      | Noticed Natasha
   963 | D:2      | Killed Natasha
   983 | D:2      | Noticed Natasha
   988 | D:2      | Killed Natasha
   989 | D:2      | Reached XP level 5. HP: 24/24 MP: 6/9
   993 | D:2      | Learned a level 3 spell: Tukima's Dance
   998 | D:2      | Noticed Natasha
  1004 | D:2      | Killed Natasha
  1554 | D:3      | Found a basalt altar of Yredelemnul.
  1847 | D:3      | Found a glowing golden altar of the Shining One.
  1916 | D:3      | Reached XP level 6. HP: 28/28 MP: 10/10
  2107 | D:3      | Found a faded altar of an unknown god.
  2392 | D:4      | Reached skill level 5 in Stealth
  2513 | D:4      | Reached skill level 1 in Evocations
  2579 | D:4      | Reached XP level 7. HP: 32/32 MP: 11/11
  2948 | D:4      | Found a runed translucent door.
  2949 | D:4      | Noticed jestert79's ghost (amateur GnWn)
  2967 | D:4      | Noticed Ijyb
  2978 | D:4      | Killed Ijyb
  3172 | D:5      | Entered Level 5 of the Dungeon
  3178 | D:5      | Found a staircase to the Ecumenical Temple.
  3194 | Temple   | Entered the Ecumenical Temple
  3210 | Temple   | Became a worshipper of Gozag Ym Sagoz the Greedy
  3606 | D:5      | Found a runed translucent gate.
  3606 | D:5      | Found a runed translucent gate.
  3606 | D:5      | Found a runed translucent gate.
  3607 | D:5      | Noticed DeathSocks's ghost (amateur VSDe)
  3808 | D:5      | Killed DeathSocks's ghost
  3809 | D:5      | Reached skill level 6 in Stealth
  3809 | D:5      | Gained mutation: You have razor-sharp teeth. [Vine Stalker
                  | growth]
  3809 | D:5      | Reached XP level 8. HP: 36/36 MP: 6/12
  4083 | D:6      | Reached skill level 5 in Hexes
  4130 | D:6      | Reached skill level 1 in Necromancy
  4250 | D:6      | Found a sand-covered staircase.
  4290 | Ossuary  | Entered an ossuary
  4395 | Ossuary  | Reached XP level 9. HP: 39/39 MP: 13/13
  4399 | Ossuary  | Learned a level 3 spell: Dazzling Flash
  4565 | D:6      | Reached skill level 7 in Stealth
  4754 | D:6      | Identified the ring of Qody {Will+ Int+6 Dex-4 SInv}
  4882 | D:6      | Found a snail-covered altar of Cheibriados.
  5649 | D:7      | Found a sparkling altar of Nemelex Xobeh.
  6094 | D:8      | Reached skill level 5 in Short Blades
  6233 | D:8      | Reached skill level 8 in Stealth
  6465 | D:8      | Reached XP level 10. HP: 40/44 MP: 14/14
  6489 | D:8      | Reached skill level 5 in Dodging
  6876 | D:8      | Identified the +4 plate armour "Qutol" {rF+ rN+ Str-4}
  6912 | D:8      | Found Coseul's Magic Scroll Emporium.
  6918 | D:8      | Bought a scroll of teleportation for 42 gold pieces
  6918 | D:8      | Bought a scroll of amnesia for 56 gold pieces
  6918 | D:8      | Bought a scroll of identify for 28 gold pieces
  6918 | D:8      | Bought a scroll of vulnerability for 56 gold pieces
  7023 | D:8      | Noticed Maggie
  7050 | D:8      | Killed Maggie
  7591 | D:9      | Noticed a two-headed ogre
  7606 | D:9      | Killed a two-headed ogre
  7607 | D:9      | Reached skill level 9 in Stealth
  7716 | D:9      | Found Goroqiad's Self-Published Books.
  7731 | D:9      | Reached skill level 5 in Evocations
  7799 | D:9      | Found a bloodstained altar of Trog.
  7973 | D:9      | Found an iron altar of Okawaru.
  7974 | D:9      | Found a stormy altar of Qazlal.
  8298 | D:10     | Entered Level 10 of the Dungeon
  8305 | D:10     | Noticed a boulder beetle
  8319 | D:10     | Killed a boulder beetle
  8320 | D:10     | Reached skill level 5 in Necromancy
  8428 | D:10     | Reached XP level 11. HP: 47/47 MP: 15/15
  8580 | D:10     | Noticed Erica
  8583 | D:10     | Killed Erica
  8874 | D:10     | Noticed an arcanist
  8882 | D:10     | Killed an arcanist
  8883 | D:10     | Reached skill level 10 in Stealth
  8971 | D:10     | Noticed a two-headed ogre
  8978 | D:10     | Killed a two-headed ogre
  9104 | D:11     | Noticed a brown ugly thing
  9106 | D:11     | Killed a brown ugly thing
  9273 | D:11     | Found a staircase to the Lair.
  9540 | D:11     | Noticed a frost giant
  9552 | D:11     | Killed a frost giant
  9630 | D:11     | Identified the amulet of Omixeaki {Reflect Str+5 SH+5}
 10025 | D:11     | Reached XP level 12. HP: 51/51 MP: 16/16
 10141 | Lair:1   | Entered Level 1 of the Lair of Beasts
 10167 | Lair:1   | Reached skill level 11 in Stealth
 10245 | Lair:1   | Bought a scroll of fear for 52 gold pieces
 10753 | Lair:1   | Noticed a five-headed hydra
 10774 | Lair:1   | Killed a five-headed hydra
 11747 | Lair:2   | Reached skill level 1 in Throwing
 12096 | Lair:2   | Found a hole to the Spider Nest.
 12448 | Lair:2   | Noticed a catoblepas
 12463 | Lair:2   | Killed a catoblepas
 12464 | Lair:2   | Reached skill level 12 in Stealth
 13131 | Lair:3   | Noticed a catoblepas
 13132 | Lair:3   | Noticed a skyshark
 13232 | Lair:3   | Killed a skyshark
 13233 | Lair:3   | Reached XP level 13. HP: 30/55 MP: 17/17
 13808 | Lair:3   | Found a staircase to the Swamp.
 14078 | Lair:3   | HP: 2/55 [eight-headed hydra (2)]
 14083 | Lair:3   | Reached skill level 13 in Stealth
 14690 | Lair:4   | Reached skill level 10 in Hexes
 14975 | Lair:4   | Reached skill level 14 in Stealth
 15782 | Lair:1   | Bought the +2 pair of boots "Ovvaiwo Jouss" {Dex+5} for 448
                  | gold pieces
 15846 | Lair:5   | Entered Level 5 of the Lair of Beasts
 15851 | Lair:5   | Reached skill level 1 in Armour
 15885 | Lair:5   | Reached XP level 14. HP: 51/59 MP: 16/18
 16693 | Lair:5   | Found a viscous altar of Jiyva.
 16693 | Lair:5   | Found a staircase to the Slime Pits.
 16759 | Lair:5   | Reached skill level 1 in Fighting
 17801 | D:12     | Noticed Snorg
 17808 | D:12     | Killed Snorg
 17928 | D:12     | Noticed Frances
 17933 | D:12     | Killed Frances
 17934 | D:12     | Reached skill level 15 in Stealth
 18148 | D:12     | Reached skill level 10 in Short Blades
 18388 | D:12     | Found Kiomashe's Antique Armour Boutique.
 18399 | D:12     | Bought a pair of glowing gloves for 202 gold pieces
 18399 | D:12     | Bought a pair of crude boots for 256 gold pieces
 18399 | D:12     | Identified the +0 pair of boots of Sif Muna's Scorn {Str+5}
                  | (You bought it in a shop on level 12 of the Dungeon)
 18589 | D:12     | Found a staircase to the Orcish Mines.
 18813 | D:12     | You fall into a shaft and drop 2 floors!
 18963 | D:14     | Reached XP level 15. HP: 68/68 MP: 8/19
 19120 | D:14     | Reached skill level 10 in Necromancy
 19769 | Orc:1    | Entered Level 1 of the Orcish Mines
 20472 | Orc:2    | Entered Level 2 of the Orcish Mines
 20649 | Orc:2    | Noticed Azrael
 20678 | Orc:2    | Killed Azrael
 20795 | Orc:2    | Found a dark tunnel.
 20885 | Volcano  | Entered a volcano
 21552 | Orc:2    | Reached skill level 16 in Stealth
 21601 | Orc:2    | Found a staircase to the Elven Halls.
 21838 | Orc:2    | Found Etesk's Antique Weapon Shoppe.
 21838 | Orc:2    | Found Zuodoon's General Store.
 21838 | Orc:2    | Found Ompiv's Assorted Antiques.
 21857 | Orc:2    | Found Bevewihi's Distillery.
 21861 | Orc:2    | Bought a potion of haste for 120 gold pieces
 21861 | Orc:2    | Bought a potion of mutation for 96 gold pieces
 21862 | Orc:2    | Bought a potion of haste for 180 gold pieces
 21863 | Orc:2    | Bought a scroll labelled LUEPPODWEEPH for 33 gold pieces
 21863 | Orc:2    | Bought a scroll of enchant armour for 247 gold pieces
 21863 | Orc:2    | Bought a scroll of identify for 66 gold pieces
 21863 | Orc:2    | Bought a pitted cloak for 313 gold pieces
 21863 | Orc:2    | Identified the +0 cloak of Noughts and Crosses {rN+ Str+4
                  | Dex+4} (You bought it in a shop on level 2 of the Orcish
                  | Mines)
 21863 | Orc:2    | Bought a scroll of teleportation for 99 gold pieces
 22411 | Lair:1   | Gained mutation: You expend magic power (3 MP) to
                  | strengthen your wands. [potion of mutation]
 22411 | Lair:1   | Gained mutation: You occasionally lose the ability to read
                  | scrolls when taking damage. [potion of mutation]
 22412 | Lair:1   | Lost mutation: You expend magic power (3 MP) to strengthen
                  | your wands. [potion of mutation]
 22412 | Lair:1   | Lost mutation: You occasionally lose the ability to read
                  | scrolls when taking damage. [potion of mutation]
 22412 | Lair:1   | Gained mutation: You occasionally shout uncontrollably at
                  | your foes. [potion of mutation]
 22412 | Lair:1   | Gained mutation: You are partially covered in large bone
                  | plates. (SH +4) [potion of mutation]
 22413 | Lair:1   | Lost mutation: You are partially covered in large bone
                  | plates. (SH +4) [potion of mutation]
 22413 | Lair:1   | Lost mutation: You occasionally shout uncontrollably at
                  | your foes. [potion of mutation]
 22413 | Lair:1   | Gained mutation: You possess an exceptional clarity of
                  | mind. [potion of mutation]
 22413 | Lair:1   | Gained mutation: You have sharp toenails. [potion of
                  | mutation]
 22485 | Spider:1 | Entered Level 1 of the Spider Nest
 22485 | Spider:1 | Found the +3 crown of Dyrovepreva {rElec Int+2 SInv}
 22516 | Lair:2   | Reached skill level 10 in Dodging
 22546 | Spider:1 | Identified the +0 robe "Hauxtip" {Int+2 Stlth+}
 23010 | Spider:1 | Found a runed translucent door.
 23011 | Spider:1 | Noticed Isko's ghost (journeyman TrSh)
 23208 | Spider:1 | HP: 1/68 [spark wasp (18)]
 23208 | Spider:1 | Slain by a spark wasp

Illustrated notes

Levels and vault maps discovered:
D:1:      kennysheep_arrival_forest, layout_basic
D:2:      layout_loops_ring, uniq_natasha, uniq_terence
D:3:      layout_basic, nicolae_tso_besieged_by_evil,
          mainiacjoe_overflow_alcove_1,
          hellmonk_ecumenical_altar_pennies_from_heaven
D:4:      layout_gridville, gammafunk_ghost_grave, uniq_ijyb
D:5:      layout_rooms, minmay_temple_entry_overgrown,
          gammafunk_ghost_nasty_kobolds
D:6:      layout_basic, nicolae_overflow_hidden_temple,
          mainiacjoe_overflow_chevrons, mainiacjoe_ossuary_entry_find_the_door
D:7:      layout_gridville, nemelex_dance_club_becter, serial_glass,
          glass_columns_b, glass_columns_a, minivault_27, grunt_ministairs_10
D:8:      kennysheep_seaside_town, layout_loops_ring, serial_shops, shop,
          minmay_misc_feat_doors, fungi_pond_lemuel, hex_large, uniq_maggie
D:9:      layout_rooms, lightli_temple_of_fire,
          mainiacjoe_overflow_large_starburst, nicolae_custom_books
D:10:     layout_loops_ring, lightli_wizard_tower, uniq_erica
D:11:     layout_roguey, hellmonk_lair_entry_icy, minmay_three_doors
D:12:     minmay_four_partial_circles, layout_basic, david_orc_2, serial_shops,
          nicolae_shop_window_shopping, minivault_22, uniq_frances, uniq_snorg
D:13:     layout_basic
D:14:     layout_loops_corners, ximxim_vaults_locker_room,
          nicolae_uskayaw_dance_hall, lemuel_zombie_altar_yredelemnul
Temple:   dshaligram_water_room_temple
Lair:1:   layout_layer_cave, grunt_megastairs_1, serial_bayou_shore_a
Lair:2:   layout_chaotic_city, nicolae_spider_entry_tight_spaces, serial_rivers,
          chequers_serial_rivers_room_b, chequers_serial_rivers_micro_e,
          chequers_serial_rivers_micro_c, chequers_serial_rivers_room_a,
          chequers_serial_rivers_micro_a, chequers_serial_rivers_small_b,
          kennysheep_rathole, grunt_megastairs_3
Lair:3:   layout_loops_ring, palyth_hydra_swamp_entry
Lair:4:   lemuel_reptile_caves, layout_loops_ring,
          chequers_serial_rivers_micro_c
Lair:5:   minmay_lair_end_enchanted_forest, layout_layer_cave,
          dpeg_slime_entry_corner, pdpol_lair_neglected_garden
Spider:1: layout_cave_pods, gammafunk_ghost_grave, nicolae_spider_swamp_cousins
Orc:1:    layout_caves
Orc:2:    st_orc_mages, layout_caves, enter_volcano_3, uniq_azrael

Skill      XL: |  1  2  3  4  5  6  7  8  9 10 11 12 13 14 15 |
---------------+----------------------------------------------+-----
Short Blades   | 1 2 3 4 5 6 7 8 9 10 11 | 11.7
Stealth        | 4 5 6 8 9 10 12 14 15 16 | 16.3
Dodging        | 2 3 4 5 6 7 8 9 10 | 10.1
Ice Magic      | 1 2 3 4 |  4.3
Hexes          | 4 5 6 7 8 9 10 11 12 | 12.0
Evocations     | 1 3 4 5 6 |  6.7
Necromancy     | 2 3 5 6 7 8 9 10 | 10.8
Throwing       | 2 |  2.6
Armour         | 1 2 |  2.2
Fighting       | 3 |  3.2
Spellcasting   | |  2.1

Action                     |  1- 3 |  4- 6 |  7- 9 | 10-12 | 13-15 || total
---------------------------+-------+-------+-------+-------+-------++-------
  Melee: Dagger            |   135 |   189 |    70 |   244 |  1327 ||  1965
         Bite              |    31 |    46 |   110 |   207 |   508 ||   902
         Punch             |     2 |     3 |     8 |     4 |    13 ||    30
         Short sword       |       |       |   273 |   331 |       ||   604
         Rapier            |       |       |       |       |     6 ||     6
  Throw: Dart              |       |       |       |       |     2 ||     2
   Cast: Ensorcelled Hiber |     4 |    13 |    49 |   108 |   246 ||   420
         Confusing Touch   |       |       |     8 |    21 |    28 ||    57
         Tukima's Dance    |       |       |       |       |     2 ||     2
 Invoke: Potion Petition   |       |       |       |     1 |     2 ||     3
         Call Merchant     |       |       |       |     2 |     2 ||     4
  Evoke: Wand              |       |       |       |     5 |     4 ||     9
         Condenser vane    |       |       |       |       |     2 ||     2
         Phial of floods   |       |       |       |       |     1 ||     1
    Use: Scroll            |       |     3 |     3 |     6 |    14 ||    26
         Potion            |       |       |       |     1 |     4 ||     5
   Stab: Sleeping          |     8 |    18 |    47 |    79 |   154 ||   306
         Distracted        |       |     1 |     3 |     2 |    22 ||    28
         Confused          |       |       |     7 |    18 |    26 ||    51
         Petrified         |       |       |       |     1 |       ||     1
         Invisible         |       |       |       |       |     5 ||     5
 Armour: Robe              |    77 |     1 |       |       |       ||    78
         Leather armour    |       |   128 |   175 |    59 |       ||   362
         Steam dragon scal |       |       |       |   247 |   736 ||   983
  Dodge: Dodged            |    87 |   130 |   181 |   389 |  1216 ||  2003
  Block: Other             |       |       |       |    72 |     6 ||    78

Table legend: (Time is in decaauts)
 A = Elapsed time spent in this place.
 B = Non-inter-level travel time spent in this place.
 C = Inter-level travel time spent in this place.
 D = Time resting spent in this place.
 E = Time spent auto-exploring this place.
 F = Levels seen in this place.
 G = Mean time per level.
                   A        B        C        D        E       F      G
               +--------+--------+--------+--------+--------+-----+--------+
         Total |  22379 |  21102 |   1277 |    339 |  15508 |  25 |  895.2 |
       Dungeon |  11666 |  10922 |    744 |    147 |   8155 |  14 |  833.3 |
        Temple |     32 |      2 |     30 |      0 |      0 |   1 |   32.0 |
          Lair |   7390 |   6983 |    407 |    161 |   5187 |   5 | 1478.0 |
   Spider Nest |    644 |    644 |      0 |      0 |    461 |   1 |  644.0 |
  Orcish Mines |   1914 |   1818 |     96 |     22 |   1194 |   2 |  957.0 |
       Ossuary |    240 |    240 |      0 |      0 |    125 |   1 |  240.0 |
       Volcano |    490 |    490 |      0 |      9 |    385 |   1 |  490.0 |
               +--------+--------+--------+--------+--------+-----+--------+

Top non-repeatable levels by time:
  Lair:2: 1710 daAuts
  Lair:5: 1679 daAuts
  Lair:1: 1584 daAuts
     D:8: 1480 daAuts
    D:12: 1305 daAuts
   Orc:2: 1246 daAuts
  Lair:3: 1242 daAuts
  Lair:4: 1173 daAuts
    D:11: 1054 daAuts
     D:7: 911 daAuts
     D:4: 852 daAuts
     D:6: 840 daAuts
     D:9: 814 daAuts
     D:5: 807 daAuts
     D:2: 788 daAuts
